 Dungeon Crawl Stone Soup version 0.30.1-4-g462c640d31 (webtiles) character file.

Game seed: 565478203106394570

1076 HagarQim the Conjurer (level 8, -2/52 HPs)
             Began as an Octopode Conjurer on Sept 6, 2023.
             Slain by Maggie
             ... wielding a +3 scimitar of holy wrath
              (7 damage)
             ... on level 6 of the Dungeon.
             The game lasted 00:20:29 (5450 turns).

HagarQim the Conjurer (Octopode Conjurer)           Turns: 5450, Time: 00:20:29

Health: -2/52      AC:  3    Str:  6    XL:     8   Next: 29%
Magic:  32/32      EV: 13    Int: 28    God:
Gold:   339        SH:  0    Dex: 10    Spells: 6/16 levels left

rFire   + . .        d - +2 short sword (drain)
rCold   . . .        (no shield)
rNeg    + . .        p - +2 hat of the Furrier {rPois rF+ Int+5}
rPois   +            q - amulet of reflection
rElec   .            b - ring of magical power
rCorr   .            f - ring of willpower
SInv    .            h - ring of positive energy
Will    +....        v - ring of magical power
Stlth   ++           (no ring)
HPRegen 0.28/turn    (no ring)
MPRegen 0.23/turn    (no ring)
                     (no ring)

%: reflection
@: confused, ambrosia-drunk
A: almost no armour, amphibious, 8 rings, camouflage 1, gelatinous body 1,
(nimble swimmer 1), tentacles
a: no special abilities


You were on level 6 of the Dungeon.
You visited 1 branch of the dungeon, and saw 7 of its levels.

You collected 339 gold pieces.

Inventory:

Hand Weapons
 d - a +2 short sword of draining (weapon)
 o - a +1 short sword of holy wrath
 s - a +2 dagger of venom
 t - a +0 whip of pain
Missiles
 i - 9 poisoned darts
 k - 5 atropa-tipped darts
Armour
 p - the +2 hat of the Furrier (worn) {rPois rF+ Int+5}
   (You acquired it on level 7 of the Dungeon)

   Int:       It affects your intelligence (+5).
   rF:        It protects you from fire.
   rPois:     It protects you from poison.
Jewellery
 b - a ring of magical power (left tentacle)
 f - a ring of willpower (right tentacle)
 h - a ring of positive energy (on tentacle)
 q - an amulet of reflection (around mantle)
 v - a ring of magical power (on tentacle)
 x - a ring of fire
Wands
 u - a wand of mindburst (15)
Scrolls
 e - 2 scrolls of fog
 m - 3 scrolls of fear
 n - a scroll of teleportation
 r - a scroll of enchant armour
Potions
 a - 2 potions of magic
 c - a potion of mutation
 j - a potion of resistance
 l - a potion of curing {unknown}
 w - a potion of invisibility {unknown}


   Skills:
 * Level 3.5 Fighting
 + Level 2.0 Short Blades
 + Level 2.6 Dodging
 + Level 6.1 Stealth
 + Level 0.2 Shields
 + Level 4.5 Spellcasting
 + Level 6.2 Conjurations
 * Level 2.3 Translocations


You had 6 spell levels left.
You knew the following spells:

 Your Spells              Type           Power      Damage    Failure   Level
a - Magic Dart            Conj           100%       1d8       1%          1
b - Searing Ray           Conj           82%        2d7       1%          2
c - Dazzling Flash        Conj/Hex       46%        N/A       6%          3
d - Iskenderun's Mystic   Conj/Tloc      30%        2d8       12%         4

Your spell library contained the following spells:

 Spells                   Type           Power      Damage    Failure   Level
 Stone Arrow              Conj/Erth      46%        3d9       6%          3
 Sandblast                Erth           12%        2d6       7%          1
 Summon Small Mammal      Summ           24%        N/A       7%          1
 Passwall                 Tmut/Erth      5%         N/A       11%         2
 Fulminant Prism          Conj/Hex       11%        3d9       19%         4
 Call Canine Familiar     Summ           6%         N/A       22%         3
 Summon Guardian Golem    Hex/Summ       6%         N/A       22%         3


Dungeon Overview and Level Annotations

Branches:
Dungeon (7/15)
 Temple: D:4-7

Altars:
Elyvilon
Fedhas
Uskayaw

Annotations:
D:6 Grinder, Maggie, Prince Ribbit


Innate Abilities, Weirdness & Mutations

You cannot wear most types of armour.
You are amphibious.
You can wear up to eight rings at the same time.
Your skin changes colour to match your surroundings (Stealth+).
Your rubbery body absorbs attacks. (AC +1, EV +1)
((You are camouflaged when in or above water. (Stealth+)))
You have tentacles for arms and can constrict up to eight enemies at once.


Message History

You finish channelling your searing ray.
Maggie hits you with a +3 scimitar of holy wrath!
You climb upwards.
Level annotation: Grinder, Prince Ribbit
There is a stone staircase leading down here.
Casting: Searing Ray (safe; 1% risk of failure)
Confirm with . or Enter, or press ? or * to list all spells.
Aiming: Searing Ray (safe; 1% risk of failure)
Press: ? - help, Shift-Dir - straight line, f - Maggie
Aim: Maggie, wielding a +3 scimitar of holy wrath, wearing +0 acid dragon scales and carrying a wand of iceblast (8) (heavily wounded, 82% to hit)
Okay, then.
You hit Maggie. Your grab misses Maggie. You squeeze Maggie.
Maggie is heavily wounded.
Maggie mumbles some strange words.
Maggie attempts to bespell you! You resist.
You barely miss Maggie. You grab Maggie.
Maggie is heavily wounded.
You constrict Maggie.
Maggie hits you with a +3 scimitar of holy wrath!
* * * LOW HITPOINT WARNING * * *
You are confused.
You feel invigorated.
You constrict Maggie.
Maggie hits you with a +3 scimitar of holy wrath.
* * * LOW HITPOINT WARNING * * *
You release your grip on Maggie.
Maggie points at you and mumbles some strange words.
The bolt of fire hits you! You resist.
* * * LOW HITPOINT WARNING * * *
Maggie closely misses you. Maggie casts a spell at you.
The bolt of fire hits you! You resist.
* * * LOW HITPOINT WARNING * * *
Maggie casts a spell at you. The bolt of fire hits you! You resist.
* * * LOW HITPOINT WARNING * * *
You're too confused to cast spells.
You hit Maggie but do no damage. You squeeze Maggie.
Maggie is severely wounded.
Maggie hits you with a +3 scimitar of holy wrath!
You die...

#.# ############ #.#
#..........# #.# #.########.#
#.# #.# #.# #.# #.# ###.####
#.# #.# #>@....######.#####
#.# #@#................
####.### #....##..####.#####
####......####....###...##...
#..................
###..#.(...
#...................
.........
#....................
........
#.............#...##.#
...##### #.............#####
.# ....


You could see Maggie.

Vanquished Creatures
  A water moccasin (D:7)
  An ice beast (D:5)
  An ogre (D:5)
  A phantom (D:4)
  A bullfrog (D:7)
  3 scorpions
  3 howler monkeys
  A gnoll bouda (D:5)
  A hound (D:5)
  2 jellies (D:7)
  A sleepcap (D:5)
  An orc wizard (D:5)
  6 gnolls
  4 adders
  A white imp (D:7)
  An ufetubus (D:5)
  A worm (D:3)
  2 dart slugs
  10 orcs
  8 ball pythons
  12 endoplasms
  A giant cockroach (D:4)
  10 goblins
  4 hobgoblins
  4 jackals (D:4)
  3 quokkas
  5 bats
  A frilled lizard (D:3)
  8 kobolds
  2 rats
100 creatures vanquished.

Notes
Turn   | Place    | Note
-------+----------+-------------------------------------------
     0 | D:1      | HagarQim the Octopode Conjurer began the quest for the Orb.
     0 | D:1      | Reached XP level 1. HP: 11/11 MP: 3/3
   326 | D:1      | Reached XP level 2. HP: 12/17 MP: 5/5
   789 | D:2      | Reached XP level 3. HP: 18/22 MP: 6/6
   887 | D:2      | Learned a level 2 spell: Searing Ray
   891 | D:2      | Learned a level 3 spell: Dazzling Flash
  1948 | D:3      | Reached XP level 4. HP: 27/27 MP: 7/7
  1992 | D:3      | Found a hide-covered altar of Uskayaw.
  2068 | D:3      | Reached skill level 1 in Fighting
  2697 | D:4      | You fall into a shaft and drop 1 floor!
  2697 | D:5      | Entered Level 5 of the Dungeon
  2784 | D:4      | Noticed a phantom
  2793 | D:4      | Killed a phantom
  2794 | D:4      | Reached skill level 1 in Short Blades
  2794 | D:4      | Reached skill level 5 in Conjurations
  2794 | D:4      | Reached XP level 5. HP: 33/33 MP: 5/8
  3607 | D:5      | Reached XP level 6. HP: 39/39 MP: 10/10
  3990 | D:5      | Reached skill level 5 in Stealth
  4128 | D:5      | Learned a level 4 spell: Iskenderun's Mystic Blast
  4180 | D:5      | Reached XP level 7. HP: 30/45 MP: 12/12
  4283 | D:5      | Reached skill level 1 in Translocations
  4634 | D:5      | Found a blossoming altar of Fedhas.
  4929 | D:5      | Found a white marble altar of Elyvilon.
  5068 | D:6      | Noticed Grinder
  5204 | D:6      | Noticed Prince Ribbit
  5227 | D:7      | Identified a scroll of acquirement
  5227 | D:7      | Acquired the +2 hat of the Furrier {rPois rF+ Int+5}
  5323 | D:7      | Reached XP level 8. HP: 45/52 MP: 14/14
  5371 | D:7      | Noticed Maggie
  5449 | D:6      | HP: 1/52 [Maggie/bolt of fire (8)]
  5450 | D:6      | Slain by Maggie

Illustrated notes

Levels and vault maps discovered:
D:1:      nagdon_arrival_zigzag_paths, layout_basic
D:2:      layout_loops_ring
D:3:      kennysheep_big_flooded_room, layout_basic,
          mainiacjoe_overflow_alcove_2
D:4:      layout_rooms, grunt_ministairs_2, hangedman_abyss_or_decor_passed,
          minmay_misc_feat_rows
D:5:      layout_basic, mainiacjoe_overflow_alcove_1,
          mainiacjoe_overflow_boulevard
D:6:      layout_basic, uniq_prince_ribbit1, uniq_grinder
D:7:      layout_cave_pools, kennysheep_vampire_church,
          minmay_temple_entry_nine_rooms, lightli_ossuary_entry_decrepit_ruins,
          wad_floor_pattern_untrapped, uniq_crazy_yiuf_cottage, uniq_maggie

Skill      XL: |  1  2  3  4  5  6  7  8 |
---------------+-------------------------+-----
Stealth        | 3 4 5 6 |  6.1
Fighting       | 1 2 3 |  3.5
Short Blades   | 1 2 |  2.0
Conjurations   | 5 6 |  6.2
Spellcasting   | 3 4 |  4.5
Translocations | 2 |  2.3
Dodging        | |  2.6
Shields        | |  0.2

Action                     |  1- 3 |  4- 6 |  7- 9 || total
---------------------------+-------+-------+-------++-------
  Melee: Short sword       |    13 |    24 |     9 ||    46
         Tentacles         |     1 |     7 |     4 ||    12
         Constrict         |       |     7 |     1 ||     8
   Cast: Magic Dart        |    41 |    46 |    28 ||   115
         Searing Ray       |     5 |    12 |    14 ||    31
         Dazzling Flash    |       |     2 |       ||     2
    Use: Scroll            |     3 |     6 |     1 ||    10
         Potion            |       |       |     1 ||     1
   Stab: Sleeping          |     6 |     2 |     2 ||    10
 Armour: Skin              |     1 |     1 |     2 ||     4
  Dodge: Dodged            |    15 |    13 |    11 ||    39
  Block: Other             |       |     2 |     3 ||     5
